 Dungeon Crawl Stone Soup version 0.30.2 (webtiles) character file.

Game seed: 18409793538644913942

35 porpoise the Sneak (level 3, -2/22 HPs)
             Began as a Kobold Brigand on Feb 7, 2024.
             Slain by Terence
             ... wielding a +2 falchion of electrocution
              (13 damage)
             ... on level 2 of the Dungeon.
             The game lasted 00:02:49 (1143 turns).

porpoise the Sneak (Kobold Brigand)                 Turns: 1143, Time: 00:02:49

Health: -2/22      AC:  5    Str:  8    XL:     3   Next: 52%
Magic:  3/3        EV: 12    Int: 12    God:
Gold:   119        SH:  4    Dex: 18    Spells: 2/2 levels left

rFire   . . .        a - +2 dagger
rCold   . . .        k - +0 buckler
rNeg    . . .        n - +0 leather armour
rPois   .            (no helmet)
rElec   .            c - +0 cloak
rCorr   .            (no gloves)
SInv    .            g - +0 pair of boots
Will    .....        (no amulet)
Stlth   ++++         (no ring)
HPRegen 0.23/turn    (no ring)
MPRegen 0.08/turn

%: no passive effects
@: no status effects
A: small, no large weapons, nightstalker 3
a: no special abilities


You were on level 2 of the Dungeon.
You visited 1 branch of the dungeon, and saw 2 of its levels.

You collected 119 gold pieces.

Inventory:

Hand Weapons
 a - a +2 dagger (weapon)
Missiles
 d - 9 poisoned darts (quivered)
 e - 3 curare-tipped darts
Armour
 c - a +0 cloak (worn)
 g - a +0 pair of boots (worn)
 k - a +0 buckler (worn)
 n - a +0 leather armour (worn)
Scrolls
 b - a scroll of enchant weapon {unknown}
 f - 6 scrolls of identify {unknown}
 m - a scroll of noise {unknown}
 p - a scroll of magic mapping {unknown}
Potions
 h - 3 potions of curing
 i - a potion of mutation {unknown}
 j - a potion of degeneration {unknown}
 l - 2 potions of invisibility {unknown}
 o - a potion of ambrosia {unknown}


   Skills:
 + Level 2.7 Fighting
 * Level 4.0 Short Blades
 - Level 2.1 Throwing
 - Level 1.2 Dodging
 + Level 5.7 Stealth


You had 2 spell levels left.
You didn't know any spells.
Your spell library was empty.

Dungeon Overview and Level Annotations

Branches:
Dungeon (2/15)

Altars:

Annotations:
D:2 Terence


Innate Abilities, Weirdness & Mutations

You are small and have problems with some larger weapons.
You are completely attuned to the shadows.


Message History

You kill the frilled lizard!
No target in view!
Found a stone staircase leading down.
b - a scroll labelled NOPPU SIABBAAL
o - a murky ruby potion You now have 99 gold pieces (gained 14).
Found a robe.
p - a scroll labelled IMUALO FAAPT
l - 2 yellow potions (gained 1)
f - 6 scrolls labelled NIRE ZAOXZYSURPH (gained 1)
You now have 107 gold pieces (gained 8).
You now have 119 gold pieces (gained 12).
Terence the Incautious comes into view.
He is wielding a +2 falchion of electrocution and wearing a +1 scale mail of cold resistance.
Terence shouts!
You block Terence's attack.
You barely miss Terence.
Terence hits you with a +2 falchion of electrocution.
You hit Terence.
Terence is lightly wounded.
You hit Terence.
Terence is lightly wounded.
Terence completely misses you.
You hit Terence.
Terence is moderately wounded.
Terence drinks a potion.
Terence seems to grow stronger.
You hit Terence.
Terence is moderately wounded.
Terence hits you with a +2 falchion of electrocution.
You barely miss Terence.
Terence is moderately wounded.
Terence hits you with a +2 falchion of electrocution!
Ouch! That really hurt!
* * * LOW HITPOINT WARNING * * *
You are too injured to fight recklessly!
It was a potion of curing.
You feel better. Terence misses you.
You hit Terence but do no damage.
Terence is moderately wounded.
Terence hits you with a +2 falchion of electrocution!
Ouch! That really hurt!
You die...

....... ##.####
##.###.# #......
##.###.# ##. #
##......# .. .#.
..####### #.##..# ..#
#@...# ..# #@## ..#
##.# ..#
#############.####
..###.................
.###...###############
###.#.#.## ##.##.##.#
......##.# ##.#####.#


You could see Terence (strong).

Vanquished Creatures
  2 dart slugs (D:1)
  3 endoplasms (D:1)
  A giant cockroach (D:1)
  5 goblins
  4 hobgoblins (D:1)
  3 ball pythons (D:1)
  2 bats (D:1)
  3 frilled lizards
  2 kobolds (D:1)
  3 rats (D:1)
28 creatures vanquished.

Notes
Turn   | Place    | Note
-------+----------+-------------------------------------------
     0 | D:1      | porpoise the Kobold Brigand began the quest for the Orb.
     0 | D:1      | Reached XP level 1. HP: 12/12 MP: 1/1
    52 | D:1      | Reached XP level 2. HP: 18/18 MP: 2/2
   358 | D:1      | Reached XP level 3. HP: 22/22 MP: 3/3
   550 | D:1      | Found a faded altar of an unknown god.
  1133 | D:2      | Noticed Terence
  1143 | D:2      | Slain by Terence

Illustrated notes

Levels and vault maps discovered:
D:1:      dpeg_arrival_tiny_c, layout_loops_cross,
          shapermc_ecumenical_altar_notcrosses, minmay_tetromino_t2
D:2:      layout_loops_ring, nicolae_eternal_life, uniq_jessica, uniq_natasha,
          uniq_terence

Skill      XL: |  1  2  3 |
---------------+----------+-----
Short Blades   | 3 4 |  4.0
Fighting       | |  2.7
Throwing       | |  2.1
Dodging        | |  1.2
Stealth        | |  5.7

Action                     || total
---------------------------++-------
  Melee: Dagger            ||    50
    Use: Potion            ||     1
   Stab: Sleeping          ||    20
 Armour: Robe              ||     5
  Dodge: Dodged            ||    14
  Block: Buckler           ||     1
